 Dungeon Crawl Stone Soup version 0.26-a0-466-g989023bd0d (webtiles) character file.

Game seed: 18424449224880393804

23276 kwakkers the Spear-Bearer (level 13, -3/90 HPs)
             Began as an Octopode Fighter on Aug 12, 2020.
             Was a Priest of Cheibriados.
             Killed from afar by Azrael (40 damage)
             ... with damnation
             ... on level 12 of the Dungeon.
             The game lasted 00:56:28 (18460 turns).

kwakkers the Spear-Bearer (Octopode Fighter)       Turns: 18460, Time: 00:56:28

Health: -3/90      AC:  9    Str: 43    XL:     13   Next: 5%
Magic:  9/18       EV: 23    Int: 18    God:    Cheibriados [***...]
Gold:   581        SH: 14    Dex: 19    Spells: 6/12 levels left

rFire    . . .     SeeInvis .   a - +0 spear (vorpal)
rCold    . . .     Faith    .   b - +0 kite shield
rNeg     . . .     Spirit   .   V - +2 hat {MR+}
rPois    .         Reflect  .   (no amulet)
rElec    .         Harm     .   K - +6 ring of strength
rCorr    .                      v - +6 ring of strength
MR       +....                  P - +4 ring of evasion
Stlth    ++++......             Q - +4 ring of protection
HPRegen  0.25/turn              (no ring)
MPRegen  0.16/turn              (no ring)
                                (no ring)
                                (no ring)

@: very slow
A: almost no armour, stealthy swim, amphibious, 8 rings, constrict 8, thin
metallic scales 1, camouflage 1, blurry vision 1, deterioration 1, high mp 1,
strong 1, wild magic 1, gelatinous body 1, evolution 1, MP-powered wands
a: Bend Time, Temporal Distortion, Renounce Religion


You were on level 12 of the Dungeon.
You worshipped Cheibriados.
Cheibriados was most pleased with you.
You visited 2 branches of the dungeon, and saw 13 of its levels.

You collected 743 gold pieces.
You spent 162 gold pieces at shops.

Inventory:

Hand Weapons
 a - a +0 vorpal spear (weapon)
 y - a +1 flail of protection
 B - a +2 hand axe of freezing
 F - a +0 trident
Missiles
 d - 75 poisoned darts
 p - 12 boomerangs
 H - 6 silver javelins
 R - 6 boomerangs of dispersal
 U - 15 curare-tipped darts (quivered)
Armour
 b - a +0 kite shield (worn)
 V - a +2 hat of magic resistance (worn)
Magical Staves
 E - an uncursed staff of air
 L - an uncursed staff of fire
Jewellery
 s - an uncursed ring of ice
 v - a +6 ring of strength (right tentacle)
 K - a +6 ring of strength (left tentacle)
 P - a +4 ring of evasion (on tentacle)
 Q - a +4 ring of protection (on tentacle)
Wands
 e - a wand of iceblast (17)
 w - a wand of flame (10)
 z - a wand of disintegration (18)
 S - a wand of acid (6)
Scrolls
 f - 4 scrolls of remove curse
 g - a scroll of immolation
 i - 10 scrolls of teleportation
 k - 4 scrolls of magic mapping
 m - 4 scrolls of blinking
 q - a scroll of fear
 r - a scroll of fog
 A - a scroll of vulnerability {unknown}
 D - 3 scrolls of enchant weapon
 I - 2 scrolls of enchant armour
 M - 3 scrolls of amnesia
 T - 2 scrolls of identify
Potions
 c - 4 potions of might
 h - 3 potions of lignification
 j - 4 potions of cancellation
 l - 5 potions of stabbing
 n - 6 potions of brilliance
 o - a potion of heal wounds
 u - a potion of magic
 C - a potion of flight
 G - 4 potions of curing
 J - a potion of haste
 N - a potion of mutation
 O - 2 potions of ambrosia {unknown}


   Skills:
 + Level 8.8 Fighting
   Level 2.0 Short Blades
 + Level 11.8 Polearms
 - Level 10.0 Throwing
 + Level 8.4 Dodging
 - Level 5.3 Stealth
 + Level 8.4 Shields
 - Level 5.0 Invocations
 + Level 1.8 Evocations


You had 6 spell levels left.
You knew the following spells:

 Your Spells              Type           Power        Failure   Level
a - Statue Form           Tmut/Erth      #........    100%        6

Your spell library contained the following spells:

 Spells                   Type           Power        Failure   Level
 Animate Skeleton         Necr           #.....       54%         1
 Apportation              Tloc           #.....       54%         1
 Corona                   Hex            #......      54%         1
 Shock                    Conj/Air       #...         54%         1
 Sting                    Tmut/Pois      #...         54%         1
 Summon Small Mammal      Summ           #...         54%         1
 Call Imp                 Summ           #.......     67%         2
 Poisonous Vapours        Pois/Air       #.....       67%         2
 Swiftness                Air            #.......     67%         2
 Call Canine Familiar     Summ           #.......     88%         3
 Ignite Poison            Fire/Tmut/Pois #.......     88%         3
 Mephitic Cloud           Conj/Pois/Air  #.......     88%         3
 Static Discharge         Conj/Air       #.......     88%         3
 Summon Guardian Golem    Hex/Summ       #.......     88%         3
 Airstrike                Air            #.........   99%         4
 Leda's Liquefaction      Hex/Erth       #.........   99%         4
 Olgreb's Toxic Radiance  Pois           #.......     99%         4
 Summon Ice Beast         Ice/Summ       #.......     99%         4
 Summon Lightning Spire   Summ/Air       #.......     99%         4
 Bolt of Magma            Conj/Fire/Erth #.........   100%        5
 Lightning Bolt           Conj/Air       #.........   100%        5
 Iron Shot                Conj/Erth      #.........   100%        6
 Shatter                  Erth           #.........   100%        9


Dungeon Overview and Level Annotations

Branches:
Dungeon (12/15)            Temple (1/1) D:5            Lair (0/6) D:11
    Orc (0/2) D:9

Altars:
Ashenzari
Cheibriados
Dithmenos
Elyvilon
Fedhas
Gozag
Hepliaklqana
Kikubaaqudgha
Makhleb
Nemelex Xobeh
Okawaru
Qazlal
Ru
Sif Muna
Trog
Uskayaw
Vehumet
Wu Jian
Xom
Yredelemnul
Zin
The Shining One

Shops:
D:9 ![=?   D:12 [

Annotations:
D:1 exclusion: downstairs
D:3 exclusion: downstairs
D:5 exclusion: downstairs
D:8 exclusion: downstairs
D:11 exclusion: downstairs
D:12 Azrael


Innate Abilities, Weirdness & Mutations

You cannot wear most types of armour.
You are very stealthy in the water. (Stealth+)
You are amphibious.
You can wear up to eight rings at the same time.
You can use your tentacles to constrict eight enemies at once.
Your skin changes colour to match your surroundings (Stealth+).
Your rubbery body absorbs attacks. (AC +1, EV +1)
You are partially covered in thin metallic scales. (AC +2)
Scrolls take you a little longer to read.
Your body sometimes deteriorates upon taking damage.
You have an increased reservoir of magic. (+10% MP)
Your muscles are strong. (Str +2)
Your spells are a little harder to cast, but a little more powerful.
You evolve.
You expend magic power (3 MP) to strengthen your wands.


Message History

You can feel time thicken for a moment.
You can no longer inflict damage on those overly hasty.
Cheibriados lowers the support of your attributes as your movement quickens.
Okay, then.
Azrael gestures at you.
The fireball explodes!
The fireball engulfs you!!
The hell hound barks!
You hear a bark! x7; You hear an angry hiss.
Azrael gestures at you.
The sphere of damnation explodes!
The damnation engulfs you!!
The damnation engulfs Azrael.
Azrael completely resists.
Azrael barely misses you.
You hear a howl!
Unknown command.
You hit Azrael. You squeeze Azrael, but do no damage.
Azrael is heavily wounded.
You hit Azrael but do no damage.
Azrael is heavily wounded.
Azrael gestures at you.
The sphere of damnation explodes!
The damnation engulfs you!!!
You die...

#.†.#...#.##.#
###†.[#.'....# #####
##.#######.# #...
#....(# #.###.###### #
##########...........
.( #.#..(......###
###Y#
#.#.##.###..####.(..#
##.#.##.###....(.....##
#<÷..##.(..@(.(((..h...
####....###R..##.....##
#....# #h[.# #$...#
#.#### #...######.# #.#
#....(.... # +.#
##..###### #.. #..# ##.
...# . ...#


You could see Azrael and a hell hound.

Vanquished Creatures
  Gastronok (D:12)
  A hydra (D:12)
  4 two-headed ogres
  2 alligators (D:12)
  Sonja (D:12)
  3 unseen horrors (D:12)
  A cyclops (D:12)
  2 ugly things
  Psyche (D:12)
  Joseph (D:8)
  2 trolls
  9 slime creatures
  A hippogriff (D:11)
  A wyvern (D:10)
  A shadow (D:9)
  11 yaks
  Sigmund (D:2)
  2 fire bats (D:12)
  2 basilisks (D:12)
  A fire elemental (D:12)
  A steam dragon (D:11)
  A hell hound (D:12)
  A porcupine (D:11)
  7 orc warriors
  5 black bears
  6 ice beasts
  5 ogres
  5 sky beasts
  2 eyes of draining
  5 phantoms
  6 centaurs
  6 crocodiles (D:11)
  A big kobold (D:8)
  6 bullfrogs
  3 scorpions
  10 wights
  2 vampire bats (D:12)
  6 howler monkeys
  2 quasits
  A bullfrog zombie (D:8)
  4 centaur zombies
  7 hounds
  10 jellies
  8 orc priests
  12 orc wizards
  A bullfrog skeleton (D:5)
  4 iguanas
  12 worker ants
  A hound zombie (D:5)
  2 hound skeletons
  A mummy (D:5)
  A howler monkey skeleton (D:8)
  Robin (D:3)
  6 gnolls
  23 adders
  2 shadow imps
  7 white imps
  4 ufetubi
  15 oozes
  An adder zombie (D:7)
  3 adder skeletons (D:4)
  5 worms
  2 dart slugs (D:1)
  6 leopard geckos
  61 orcs
  2 ball pythons
  4 giant cockroaches
  17 goblins
  12 hobgoblins
  3 jackals (D:1)
  21 kobolds
  6 quokkas
  9 bats
  13 frilled lizards
  A jackal zombie (D:8)
  A leopard gecko skeleton (D:4)
  A quokka skeleton (D:8)
  A quokka zombie (D:3)
  6 rats
425 creatures vanquished.

Vanquished Creatures (others)
  A crocodile (D:12)
  3 jackals (D:12)
  26 fungi (D:11)
  33 plants
  7 toadstools (D:2)
70 creatures vanquished.

Grand Total: 495 creatures vanquished

Notes
Turn   | Place    | Note
-------+----------+-------------------------------------------
     0 | D:1      | kwakkers the Octopode Fighter began the quest for the Orb.
     0 | D:1      | Reached XP level 1. HP: 16/16 MP: 1/1
   355 | D:1      | Reached XP level 2. HP: 21/21 MP: 2/2
   681 | D:1      | Reached skill level 1 in Stealth
   681 | D:1      | Reached XP level 3. HP: 22/26 MP: 3/3
  1680 | D:2      | Reached XP level 4. HP: 31/31 MP: 4/4
  2415 | D:2      | Reached XP level 5. HP: 24/37 MP: 5/5
  2573 | D:2      | Noticed Sigmund
  2581 | D:2      | Killed Sigmund
  2581 | D:2      | Reached skill level 5 in Stealth
  2581 | D:2      | Reached XP level 6. HP: 29/43 MP: 6/6
  3660 | D:3      | Noticed Robin
  3667 | D:3      | Killed Robin
  3843 | D:3      | Reached skill level 1 in Polearms
  4016 | D:3      | Reached XP level 7. HP: 49/49 MP: 7/7
  4220 | D:3      | Found a bloodstained altar of Trog.
  4406 | D:3      | Gained mutation: Potions are less effective at restoring
                  | your health. [potion of mutation]
  4406 | D:3      | Gained mutation: Your muscles are strong. (Str +2) [potion
                  | of mutation]
  4406 | D:3      | Gained mutation: One of your tentacles bears a spike.
                  | [potion of mutation]
  4407 | D:3      | Lost mutation: One of your tentacles bears a spike. [potion
                  | of mutation]
  4407 | D:3      | Lost mutation: Your muscles are strong. (Str +2) [potion of
                  | mutation]
  4407 | D:3      | Lost mutation: Potions are less effective at restoring your
                  | health. [potion of mutation]
  4407 | D:3      | Gained mutation: Your spells are a little easier to cast,
                  | but a little less powerful. [potion of mutation]
  4407 | D:3      | Gained mutation: You are partially covered in molten
                  | scales. (AC +2) [potion of mutation]
  4611 | D:4      | Reached skill level 2 in Polearms
  5271 | D:4      | Reached skill level 1 in Throwing
  5569 | D:4      | Reached skill level 3 in Polearms
  5838 | D:4      | Reached XP level 8. HP: 54/54 MP: 8/8
  6196 | D:5      | Entered Level 5 of the Dungeon
  6240 | D:5      | Reached skill level 4 in Polearms
  6344 | D:5      | Found a staircase to the Ecumenical Temple.
  6357 | Temple   | Entered the Ecumenical Temple
  6517 | Temple   | Became a worshipper of Elyvilon the Healer
  6534 | D:5      | Found a shimmering altar of Xom.
  6564 | D:5      | Found a snail-covered altar of Cheibriados.
  6586 | D:5      | Reached skill level 5 in Dodging
  6652 | D:5      | Reached skill level 1 in Evocations
  6663 | D:5      | Reached skill level 5 in Fighting
  6850 | D:5      | Noticed a catoblepas
  6850 | D:5      | Noticed a two-headed ogre
  7033 | D:5      | Reached skill level 5 in Shields
  7341 | D:6      | You fall into a shaft and drop 1 floor!
  7443 | D:7      | Reached * piety under Elyvilon
  7589 | D:7      | Reached skill level 5 in Polearms
  8010 | D:6      | Reached XP level 9. HP: 48/61 MP: 9/9
  8279 | D:6      | Reached skill level 1 in Invocations
  8302 | D:6      | Reached ** piety under Elyvilon
  8369 | D:6      | Reached skill level 6 in Polearms
  8983 | D:7      | Found an ornate altar of the Wu Jian Council.
  8983 | D:7      | Found a bloodstained altar of Trog.
  8991 | D:7      | Found a faded altar of an unknown god.
  9020 | D:7      | Found an iron altar of Okawaru.
  9021 | D:7      | Found a faded altar of an unknown god.
  9474 | D:7      | Reached skill level 5 in Throwing
  9775 | D:7      | Found a basalt altar of Yredelemnul.
 10109 | D:8      | Noticed Joseph
 10138 | D:8      | Killed Joseph
 10138 | D:8      | Reached XP level 10. HP: 26/68 MP: 12/12
 10263 | D:8      | Reached skill level 7 in Polearms
 10436 | D:8      | Lost mutation: You are partially covered in molten scales.
                  | (AC +2) [potion of mutation]
 10436 | D:8      | Lost mutation: Your spells are a little easier to cast, but
                  | a little less powerful. [potion of mutation]
 10436 | D:8      | Gained mutation: You are partially covered in icy blue
                  | scales. (AC +2) [potion of mutation]
 10436 | D:8      | Gained mutation: You have an increased reservoir of magic.
                  | (+10% MP) [potion of mutation]
 10436 | D:8      | Gained mutation: Your spells are a little harder to cast,
                  | but a little more powerful. [potion of mutation]
 10437 | D:8      | Lost mutation: You are partially covered in icy blue
                  | scales. (AC +2) [potion of mutation]
 10437 | D:8      | Gained mutation: Your body sometimes deteriorates upon
                  | taking damage. [potion of mutation]
 10437 | D:8      | Gained mutation: Scrolls take you a little longer to read.
                  | [potion of mutation]
 10437 | D:8      | Gained mutation: You evolve. [potion of mutation]
 10874 | D:8      | Reached *** piety under Elyvilon
 11701 | D:9      | Found a snail-covered altar of Cheibriados.
 12102 | D:9      | Gained mutation: You expend magic power (3 MP) to
                  | strengthen your wands. [evolution]
 12638 | D:9      | Reached skill level 5 in Invocations
 12658 | D:9      | Found Acuaf Zeka's Distillery.
 12666 | D:9      | Bought a potion of mutation for 120 gold pieces
 12749 | D:9      | Found a staircase to the Orcish Mines.
 12992 | D:9      | Found Ytoaw's Jewellery Shoppe.
 13011 | D:9      | Learned a level 6 spell: Statue Form
 13020 | D:9      | Found Niorghex's Magic Scroll Boutique.
 13103 | D:9      | Bought a scroll of magic mapping for 42 gold pieces
 13141 | D:9      | Found Tuobi's Armour Shop.
 13276 | D:10     | Entered Level 10 of the Dungeon
 13290 | D:10     | Reached skill level 8 in Polearms
 13293 | D:10     | Reached **** piety under Elyvilon
 13854 | D:10     | Reached XP level 11. HP: 74/74 MP: 16/16
 14387 | D:11     | Reached skill level 9 in Polearms
 14496 | D:11     | Noticed a two-headed ogre
 14517 | D:11     | Killed a two-headed ogre
 15211 | D:9      | Fell from the grace of Elyvilon
 15211 | D:9      | Became a worshipper of Cheibriados the Contemplative
 15313 | D:11     | Noticed a purple ugly thing
 15325 | D:11     | Killed a purple ugly thing
 15484 | D:11     | Gained mutation: Your muscles are strong. (Str +2)
                  | [evolution]
 15555 | D:11     | Noticed a two-headed ogre
 15563 | D:11     | Killed a two-headed ogre
 15886 | D:11     | Reached skill level 10 in Polearms
 15953 | D:11     | Reached * piety under Cheibriados
 16090 | D:11     | Noticed a two-headed ogre
 16100 | D:11     | Killed a two-headed ogre
 16487 | D:11     | Gained mutation: You are partially covered in thin metallic
                  | scales. (AC +2) [evolution]
 16595 | D:11     | Found a staircase to the Lair.
 16764 | D:12     | Noticed a seven-headed hydra
 16779 | D:12     | Killed a seven-headed hydra
 16779 | D:12     | Reached XP level 12. HP: 82/82 MP: 17/17
 17231 | D:12     | Noticed Sonja
 17237 | D:12     | Killed Sonja
 17238 | D:12     | Reached ** piety under Cheibriados
 17604 | D:12     | Noticed Psyche
 17611 | D:12     | Killed Psyche
 17687 | D:12     | Noticed a two-headed ogre
 17696 | D:12     | Killed a two-headed ogre
 17696 | D:12     | Reached skill level 11 in Polearms
 17735 | D:12     | Found Icuzaje's Antique Armour Boutique.
 17735 | D:12     | Noticed Gastronok
 17772 | D:12     | Killed Gastronok
 17993 | D:12     | Reached *** piety under Cheibriados
 18351 | D:12     | Reached **** piety under Cheibriados
 18383 | D:12     | Noticed an alligator
 18396 | D:12     | Killed an alligator
 18396 | D:12     | Reached skill level 10 in Throwing
 18401 | D:12     | Reached XP level 13. HP: 89/89 MP: 18/18
 18453 | D:12     | Noticed Azrael
 18460 | D:12     | Killed from afar by Azrael

Illustrated notes

Levels and vault maps discovered:
D:1:      dpeg_arrival_circle_labyrinth_a, layout_loops_corners,
          minmay_split_cup_large
D:2:      cheibrodos_fertilizer, layout_rooms, kennysheep_generic_room_15,
          uniq_sigmund
D:3:      layout_basic, chequers_serial_rivers_marsh, trog_butcher_becter,
          uniq_robin
D:4:      layout_rooms
D:5:      layout_loops_ring, xom_teletrap_fun, slow_altar_1,
          minmay_temple_entry_overgrown, minmay_misc_feat_rugged,
          lightli_corner_chamber
D:6:      layout_basic
D:7:      layout_loops_corners, lemuel_round_altar,
          chequers_temple_overflow_minitemple
D:8:      layout_basic, uniq_joseph
D:9:      layout_long_grid, erik_orc_2, serial_shops, nicolae_shop_stone,
          nicolae_shop_behind_doors, shop_fountains, shop, minivault_23,
          cheibriados_altar_1
D:10:     layout_basic, roderic_malta_cross, kennysheep_generic_room_7
D:11:     layout_layer_cave, due_lair_maze_entry_diamond, minivault_1
D:12:     layout_loops_ring, serial_shops, nicolae_shop_overgrown_old_shop,
          hangedman_parallel_progression, uniq_azrael, uniq_sonja, uniq_psyche,
          uniq_gastronok
Temple:   eino_temple_scatter_basement

Skill      XL: |  1  2  3  4  5  6  7  8  9 10 11 12 |
---------------+-------------------------------------+-----
Stealth        | 1 2 3 5 |  5.3
Fighting       | 4 5 6 7 8 |  8.8
Dodging        | 4 5 6 7 8 |  8.4
Shields        | 4 5 6 8 |  8.4
Polearms       | 1 3 5 6 8 10 11 | 11.8
Throwing       | 1 3 6 7 10 | 10.0
Evocations     | 1 |  1.8
Invocations    | 3 5 |  5.0
Short Blades   | |  2.0

Action                   |  1- 3 |  4- 6 |  7- 9 | 10-12 | 13-15 || total
-------------------------+-------+-------+-------+-------+-------++-------
Melee: Rapier            |    65 |    71 |       |     3 |       ||   139
       Constrict         |    16 |    25 |    60 |    57 |     3 ||   161
       Tentacles         |     7 |    23 |    74 |   196 |     8 ||   308
       Spear             |       |    62 |   343 |   562 |    18 ||   985
Throw: Dart              |       |       |    66 |   251 |     3 ||   320
       Boomerang         |       |       |    60 |   103 |       ||   163
Invok: Slouch            |       |       |       |       |     2 ||     2
Evoke: Wand              |       |       |    10 |     2 |       ||    12
  Use: Scroll            |       |       |    13 |     8 |       ||    21
       Potion            |       |       |     2 |     2 |       ||     4
 Stab: Sleeping          |     9 |     8 |    21 |    15 |       ||    53
       Distracted        |       |       |     1 |     1 |     1 ||     3
Armor: Skin              |     5 |     3 |    19 |    35 |       ||    62
Dodge: Dodged            |    27 |    53 |    81 |   129 |     2 ||   292
Block: Kite shield       |    16 |    62 |    89 |   147 |       ||   314

Table legend: (Time is in decaauts)
 A = Elapsed time spent in this place.
 B = Non-inter-level travel time spent in this place.
 C = Inter-level travel time spent in this place.
 D = Time resting spent in this place.
 E = Time spent auto-exploring this place.
 F = Levels seen in this place.
 G = Mean time per level.
                   A        B        C        D        E       F      G
               +--------+--------+--------+--------+--------+-----+--------+
         Total |  18752 |  18058 |    694 |   5778 |   8618 |  13 | 1442.5 |
       Dungeon |  18582 |  17913 |    669 |   5778 |   8476 |  12 | 1548.5 |
        Temple |    169 |    144 |     25 |      0 |    142 |   1 |  169.0 |
               +--------+--------+--------+--------+--------+-----+--------+

Top non-repeatable levels by time:
    D:11: 2524 daAuts
     D:2: 2422 daAuts
     D:7: 1643 daAuts
     D:9: 1568 daAuts
    D:12: 1502 daAuts
     D:8: 1489 daAuts
    D:10: 1464 daAuts
     D:4: 1463 daAuts
     D:3: 1278 daAuts
     D:6: 1213 daAuts
     D:1: 1083 daAuts
     D:5: 929 daAuts
  Temple: 169 daAuts
